 Dungeon Crawl Stone Soup version 0.30-a0-591-g3c58d2bc28 (webtiles) character file.

Game seed: 11086890675925503578

60189 Dirtsage the Martial Artist (level 14, 0/148 HPs)
             Began as an Octopode Transmuter on Jan 5, 2023.
             Was the Champion of Jiyva.
             Killed by an exploding death yak (8 damage)
             ... ignited by their inner flame
             ... on level 5 of the Lair of Beasts.
             The game lasted 00:47:29 (13451 turns).

Dirtsage the Martial Artist (Octopode Transmuter)  Turns: 13451, Time: 00:47:29

Health: 0/148      AC: 27    Str: 16    XL:     14   Next: 40%
Magic:  0/23       EV:  2    Int: 18    God:    Jiyva [******]
Gold:   549        SH:  0    Dex: 14    Spells: 19/26 levels left

rFire   . . .      SeeInvis .      - Unarmed
rCold   + . .      Faith    .    (no shield)
rNeg    . . .      Spirit   +    (helmet currently unavailable)
rPois   +          Reflect  .    p - amulet of guardian spirit
rElec   .          Harm     .    I - ring of protection from cold
rCorr   +          Rampage  .    A - +5 ring of evasion
Will    +....      Clarity  +    (no ring)
Stlth   +          NoTele   +    (no ring)
HPRegen 2.04/turn                (no ring)
MPRegen 0.68/turn                (no ring)
                                 (no ring)
                                 (no ring)

@: tree-form, calling ooze
A: stationary, stasis, torment immunity, boosted hp, almost no armour,
(amphibious), 8 rings, (camouflage 1), (gelatinous body 2), (nimble swimmer 1),
(tentacles), (antennae 1), (tentacle spike 1), agile 1, clarity, passive freeze,
strong 2, evolution 2, (tendrils), (jelly sensing items), (jelly absorbing
missiles), (engulf), noise suppression
}: 1/15 runes: slimy
a: Renounce Religion, Oozemancy, Slimify


You were on level 5 of the Lair of Beasts.
You worshipped Jiyva.
Jiyva was exalted by your worship.
You were a tree.
You visited 3 branches of the dungeon, and saw 21 of its levels.
You also visited: Sewer and Ossuary.

You collected 588 gold pieces.
You spent 39 gold pieces at shops.

Inventory:

Missiles
 t - 2 throwing nets
Jewellery
 p - an amulet of guardian spirit (around neck)
 A - a +5 ring of evasion (right branch)
 C - a ring of resist corrosion
 I - a ring of protection from cold (left branch)
Wands
 h - a wand of iceblast (6)
 k - a wand of polymorph (8)
 l - a wand of quicksilver (7)
 r - a wand of paralysis (11)
 y - a wand of flame (19)
 D - a wand of digging (4)
 G - a wand of mindburst (8)
Scrolls
 b - 3 scrolls of immolation
 c - a scroll of amnesia {unknown}
 e - 3 scrolls of vulnerability {unknown}
 f - 2 scrolls of torment {unknown}
 g - 2 scrolls of fear
 i - 2 scrolls of noise {unknown}
 n - 4 scrolls of teleportation {unknown}
 o - 7 scrolls of identify {unknown}
 v - 2 scrolls of summoning {unknown}
 z - 2 scrolls of fog {unknown}
 B - 2 scrolls of magic mapping {unknown}
 H - a scroll of blinking {unknown}
 J - 2 scrolls of enchant weapon {unknown}
Potions
 a - 2 potions of lignification
 d - 5 potions of might
 j - a potion of haste {unknown}
 m - a potion of degeneration {unknown}
 q - 2 potions of curing
 s - 2 potions of flight {unknown}
 u - a potion of berserk rage {unknown}
 w - a potion of mutation {unknown}
 x - 2 potions of attraction {unknown}
 E - 4 potions of magic
Miscellaneous
 F - a lightning rod (4/4)


   Skills:
 + Level 10.6 Fighting
 + Level 10.0 Dodging
 * Level 13.0 Unarmed Combat
 - Level 6.6 Spellcasting
 - Level 9.0 Transmutations
 - Level 9.0 Ice Magic
 - Level 8.7 Evocations


You had 19 spell levels left.
You knew the following spells:

 Your Spells              Type           Power      Damage    Failure   Level
a - Beastly Appendage     Tmut           76%        N/A       1%          1
b - Ice Form              Ice/Tmut       38%        N/A       2%          4
c - Wereblood             Tmut           38%        N/A       1%          2

Your spell library contained the following spells:

 Spells                   Type           Power      Damage    Failure   Level
 Ensorcelled Hibernation  Hex/Ice        44%        N/A       2%          2
 Passwall                 Tmut/Erth      18%        N/A       2%          2
 Spider Form              Tmut/Pois      22%        N/A       5%          3
 Apportation              Tloc           10%        N/A       12%         1
 Magic Dart               Conj           20%        1d4       12%         1
 Necrotise                Necr           20%        1d5       12%         1
 Slow                     Hex            20%        N/A       12%         1
 Summon Small Mammal      Summ           20%        N/A       12%         1
 Call Imp                 Summ           5%         N/A       17%         2
 Poisonous Vapours        Pois/Air       10%        N/A       17%         2
 Call Canine Familiar     Summ           5%         N/A       34%         3
 Inner Flame              Hex/Fire       5%         N/A       34%         3
 Mephitic Cloud           Conj/Pois/Air  5%         N/A       34%         3
 Summon Guardian Golem    Hex/Summ       5%         N/A       34%         3
 Swiftness                Air            5%         N/A       34%         3
 Alistair's Intoxication  Tmut/Pois      14%        N/A       45%         5
 Cause Fear               Hex            2%         N/A       75%         4
 Simulacrum               Ice/Necr       11%        N/A       95%         6
 Iskenderun's Battlesphe  Conj           5%         2d6       97%         5
 Lee's Rapid Deconstruct  Erth           2%         3d5*      97%         5
 Iron Shot                Conj/Erth      2%         9d2       100%        6
 Spellforged Servitor     Conj/Summ      2%         N/A       100%        7
 Discord                  Hex            2%         N/A       100%        8
 Lehudib's Crystal Spear  Conj/Erth      2%         10d2      100%        8


Dungeon Overview and Level Annotations

Branches:
Dungeon (11/15)            Temple (0/1) D:5            Lair (5/5) D:11
  Swamp (0/4) Lair:3        Snake (0/4) Lair:3        Slime (5/5) Lair:4
  Sewer (visited)         Ossuary (visited)
    Orc: D:9-12

Altars:
Ashenzari
Dithmenos
Elyvilon
Gozag
Hepliaklqana
Kikubaaqudgha
Qazlal
Ru
Sif Muna
Trog
Uskayaw
Vehumet
Yredelemnul
Jiyva

Shops:
D:2 !   D:7 *

Annotations:
Slime:5 Royal Jelly


Innate Abilities, Weirdness & Mutations

You are a tree.
Your roots penetrate the ground, keeping you stationary.
You cannot be teleported.
You are immune to unholy pain and torment.
Your maximum health is greatly increased.
You cannot wear most types of armour.
((You are amphibious.))
You can wear up to eight rings at the same time.
((Your skin changes colour to match your surroundings (Stealth+).))
((Your pliable body absorbs attacks. (AC +2, EV +2)))
((You are camouflaged when in or above water. (Stealth+)))
((You have tentacles for arms and can constrict up to eight enemies at once.))
((You have a pair of small antennae on your head.))
((One of your tentacles bears a spike.))
You are agile. (Dex +4, Str/Int -1)
You possess an exceptional clarity of mind.
A frigid envelope surrounds you and freezes all who hurt you.
Your muscles are very strong. (Str +8, Int/Dex -2)
You have great hidden genetic potential.
((You are covered in slimy tendrils that may disarm your opponents.))
((You have a small jelly attached to you that senses nearby items.))
((You have a small jelly attached to you that may absorb projectiles.))
((Your melee attacks may engulf your foes in ooze.))
You passively dampen the noise of your surroundings.


Message History

You warm up again.
You turn into a tree.
Your roots penetrate the ground.
The walls burn the death yak!
The death yak gores you but does no damage.
The death yak is very cold.
The death yak is almost dead.
The walls burn the death yak!
The death yak gores you!
* * * LOW HITPOINT WARNING * * *
The death yak is very cold.
The death yak is moderately wounded.
The wall burns the death yak!
The walls burn the death yak!
You now have 4/148 hp.
Okay, then.
As you read the scroll labelled NAESIO BEONKU, it crumbles to dust.
The creatures around you are filled with an inner flame!
It was a scroll of immolation.
The walls burn the death yak!
Flame seeps out of the death yak.
The death yak gores you but does no damage.
The death yak is very cold.
Flame seeps out of the death yak.
The death yak is moderately wounded.
The wall burns the death yak!
Flame seeps out of the death yak.
The wall burns the death yak!
Flame seeps out of the death yak.
The walls burn the death yak!
Flame seeps out of the death yak.
The death yak gores you but does no damage.
The death yak is very cold.
Flame seeps out of the death yak.
The death yak is almost dead.
You regained 2 hp, and now have 6/148 hp.
As you read the scroll labelled KEAZUE OBECLAE, it crumbles to dust.
You assume a fearsome visage.
The death yak resists with some effort.
The death yak easily resists.
The death yak resists with almost no effort.
The death yak resists with some effort. x2; The death yak looks frightened!
The polar bear looks frightened!
It was a scroll of fear.
g - 2 scrolls of fear;
m - a red potion The wall burns the polar bear!
Flame seeps out of the polar bear.
Your attack snaps the polar bear out of its fear.
The death yak is engulfed in blazing flames.
The death yak explodes!
The fiery explosion engulfs you!
You die...

.#....... .........
........... #.##
..........# .#..
..b.......## .....
........... .....
.....###.### ####.....#
...#.#.....### #♣○#....#
.#.#..†......####YY....##
##....†.##.....##Y○......
#....†....#..#...#hY.....
..#..........##..#○.....#
..#...♣...♣...#.....Y....
..#.†.b.♣................
..#.†.♣..†♣...#..#.......
...#.........##..#.......


You could see 5 death yaks and a polar bear (inner flame).

Vanquished Creatures
  6 hydras
  Harold (D:9)
  2 catoblepae
  A two-headed ogre (D:11)
  6 death yaks (Lair:5)
  A bog body (Lair:3)
  A lindwurm (Lair:5)
  The ghost of Chingon the Basher, a novice MiFi of Okawaru (D:8)
  An oklob plant (Lair:2)
  2 ugly things (D:11)
  4 black mambas
  16 elephants
  A gargoyle (D:11)
  11 cane toads
  A kobold demonologist (D:10)
  Psyche (D:8)
  9 komodo dragons
  A rime drake (Lair:3)
  3 polar bears
  A troll (D:9)
  A hornet (D:9)
  9 blink frogs
  4 dream sheep
  2 wraiths
  A vampire (D:11)
  3 basilisks
  7 wyverns
  61 yaks
  4 vampire mosquitoes (D:11)
  3 steam dragons
  3 swamp worms (Lair:3)
  2 nagas (Lair:3)
  14 water moccasins
  2 ice beasts
  A sky beast (D:7)
  An orc warrior (D:8)
  3 centaurs
  A black bear (D:6)
  12 wolves
  3 phantoms
  2 elf zombies (Ossuary)
  9 kobold brigands (D:8)
  Blork the orc (D:5)
  10 bullfrogs
  A necrophage (D:6)
  A gnoll sergeant (D:9)
  A scorpion (D:11)
  9 wights (D:7)
  6 killer bees (D:11)
  An electric eel (Lair:3)
  4 howler monkeys
  A centaur zombie (Ossuary)
  4 hounds
  A lava snake (Lair:1)
  A human zombie (Ossuary)
  6 orc priests
  Crazy Yiuf (D:7)
  Ijyb (D:4)
  An iguana (D:5)
  4 hell rats (Lair:2)
  8 orc wizards
  6 hound zombies (Ossuary)
  3 mummies (Ossuary)
  9 gnolls
  5 adders
  3 shadow imps
  An ufetubus (D:4)
  7 adder zombies (Ossuary)
  A worm (D:3)
  A dart slug (D:4)
  19 orcs
  3 endoplasms (D:1)
  2 giant cockroaches
  4 goblins
  8 hobgoblins
  A jackal (D:2)
  11 kobolds
  A quokka (D:1)
  12 ball pythons
  8 bats
  6 frilled lizards
  A gnoll zombie (Ossuary)
  5 goblin zombies (Ossuary)
  3 hobgoblin zombies (Ossuary)
  2 jackal zombies (Ossuary)
  5 quokka zombies (Ossuary)
  26 rats
  5 rat zombies (Ossuary)
438 creatures vanquished.

Vanquished Creatures (collateral kills)
  Maggie (D:7)
  A steam dragon (D:9)
  An acid dragon (D:9)
  2 orc warriors
  A centaur (D:9)
  2 orc priests
  4 orcs
12 creatures vanquished.

Vanquished Creatures (others)
  3 dream sheep (Lair:4)
  2 wyverns
  A steam dragon (D:8)
  2 water moccasins
  2 centaurs
  3 kobold brigands
  A bullfrog (Lair:3)
  33 jellies
  A gnoll bouda (D:5)
  A gnoll (D:5)
  3 river rats (Sewer)
  An adder (Sewer)
  6 orcs
  A bat (D:3)
  5 endoplasms
  A jackal (D:2)
  9 kobolds
  10 ball pythons (Sewer)
  A goblin (D:2)
  10 rats (Sewer)
  49 fungi
  44 plants
  5 withered plants (D:6)
194 creatures vanquished.

Grand Total: 644 creatures vanquished

Notes
Turn   | Place    | Note
-------+----------+-------------------------------------------
     0 | D:1      | Dirtsage the Octopode Transmuter began the quest for the
                  | Orb.
     0 | D:1      | Reached XP level 1. HP: 13/13 MP: 3/3
   167 | D:1      | Reached skill level 1 in Ice Magic
   167 | D:1      | Reached XP level 2. HP: 16/18 MP: 5/5
   407 | D:1      | Found a faded altar of an unknown god.
   421 | D:1      | Prayed at the altar of an unknown god.
   421 | D:1      | Became a worshipper of Jiyva Jofitugh the Shapeless
   421 | D:1      | Reached * piety under Jiyva
   557 | D:1      | Reached XP level 3. HP: 23/23 MP: 6/6
   888 | D:2      | Reached ** piety under Jiyva
   987 | D:2      | Found Hugrarue's Distillery.
   995 | D:2      | Bought a potion of curing for 39 gold pieces
  1370 | D:3      | Found a hide-covered altar of Uskayaw.
  1437 | D:3      | Reached XP level 4. HP: 28/28 MP: 7/7
  1497 | D:3      | Noticed an ice beast
  1502 | D:3      | Killed an ice beast
  1503 | D:3      | Reached XP level 5. HP: 33/33 MP: 6/8
  1586 | D:3      | Reached *** piety under Jiyva
  1593 | D:3      | Gained mutation: You passively dampen the noise of your
                  | surroundings. [Jiyva's grace]
  1593 | D:3      | Gained mutation: You are partially covered in iridescent
                  | scales. (AC +2) [Jiyva's grace]
  1593 | D:3      | Gained mutation: You are mostly covered in iridescent
                  | scales. (AC +4) [Jiyva's grace]
  1593 | D:3      | Gained mutation: You are completely covered in iridescent
                  | scales. (AC +6) [Jiyva's grace]
  1596 | D:3      | Found a broken altar of Ashenzari.
  1974 | D:4      | Noticed a phantom
  1999 | D:4      | Killed a phantom
  2000 | D:4      | Reached XP level 6. HP: 38/38 MP: 9/9
  2031 | D:4      | Learned a level 4 spell: Ice Form
  2034 | D:4      | Learned a level 2 spell: Wereblood
  2091 | D:4      | Reached **** piety under Jiyva
  2091 | D:4      | Found a basalt altar of Yredelemnul.
  2108 | D:4      | Found an opulent altar of Gozag.
  2211 | D:4      | Noticed Ijyb
  2231 | D:4      | Killed Ijyb
  2240 | D:4      | Found a radiant altar of Vehumet.
  2457 | D:4      | Reached ***** piety under Jiyva
  2655 | D:5      | Entered Level 5 of the Dungeon
  2677 | D:5      | Found a shadowy altar of Dithmenos.
  2692 | D:5      | Reached skill level 5 in Transmutations
  2705 | D:5      | Noticed Blork the orc
  2722 | D:5      | Killed Blork the orc
  2723 | D:5      | Reached XP level 7. HP: 43/43 MP: 10/10
  2727 | D:5      | Found a glowing drain.
  2731 | Sewer    | Entered a sewer
  2763 | Sewer    | Reached skill level 5 in Ice Magic
  2886 | Sewer    | Lost mutation: You are completely covered in iridescent
                  | scales. (AC +6) [Jiyva's grace]
  2886 | Sewer    | Lost mutation: You are mostly covered in iridescent scales.
                  | (AC +4) [Jiyva's grace]
  2886 | Sewer    | Lost mutation: You are partially covered in iridescent
                  | scales. (AC +2) [Jiyva's grace]
  2886 | Sewer    | Lost mutation: You passively dampen the noise of your
                  | surroundings. [Jiyva's grace]
  2886 | Sewer    | Gained mutation: Your pliable body absorbs attacks. (AC +2,
                  | EV +2) [Jiyva's grace]
  2886 | Sewer    | Gained mutation: Your gelatinous body deflects attacks. (AC
                  | +3, EV +3) [Jiyva's grace]
  2886 | Sewer    | Gained mutation: Your skin blends seamlessly with your
                  | surroundings (Stealth++). [Jiyva's grace]
  2886 | Sewer    | Gained mutation: Your skin perfectly mimics your
                  | surroundings (Stealth+++). [Jiyva's grace]
  2988 | D:5      | Found a staircase to the Ecumenical Temple.
  3102 | D:5      | Found a white marble altar of Elyvilon.
  3163 | D:5      | Reached XP level 8. HP: 48/48 MP: 11/11
  3549 | D:6      | Found a bloodstained altar of Trog.
  3806 | D:6      | Found an ancient bone altar of Kikubaaqudgha.
  4154 | D:6      | Found a sacrificial altar of Ru.
  4354 | D:7      | Found a sand-covered staircase.
  4359 | Ossuary  | Entered an ossuary
  4416 | Ossuary  | Reached XP level 9. HP: 53/53 MP: 12/12
  4505 | Ossuary  | Reached skill level 1 in Evocations
  4786 | D:7      | Reached ****** piety under Jiyva
  4786 | D:7      | Noticed Maggie
  4794 | D:7      | Killed Maggie
  4852 | D:7      | Found a runed translucent door.
  4853 | D:7      | Noticed Crazy Yiuf
  4921 | D:7      | Found Wywnem's Assorted Antiques.
  5029 | D:7      | Gained mutation: One of your tentacles bears a spike.
                  | [Jiyva's grace]
  5029 | D:7      | Gained mutation: One of your tentacles bears a nasty spike.
                  | [Jiyva's grace]
  5029 | D:7      | Gained mutation: One of your tentacles bears a large
                  | vicious spike. [Jiyva's grace]
  5029 | D:7      | Gained mutation: Your melee attacks may engulf your foes in
                  | ooze. [Jiyva's grace]
  5029 | D:7      | Found a hazy altar of Hepliaklqana.
  5452 | D:7      | Killed Crazy Yiuf
  5453 | D:7      | Reached skill level 4 in Unarmed Combat
  5530 | D:8      | Noticed Psyche
  5541 | D:8      | Killed Psyche
  5729 | D:8      | Reached XP level 10. HP: 61/63 MP: 13/13
  5735 | D:8      | Reached skill level 5 in Unarmed Combat
  5939 | D:8      | Found a runed translucent gate.
  5939 | D:8      | Found a runed translucent gate.
  5941 | D:8      | Found a runed translucent gate.
  5942 | D:8      | Noticed Chingon's ghost (novice MiFi)
  6275 | D:8      | Paralysed by a kobold brigand for 2 turns
  6283 | D:8      | HP: 1/76 [Chingon's ghost (10)]
  6302 | D:8      | Killed Chingon's ghost
  6486 | D:9      | Gained mutation: You are covered in slimy tendrils that may
                  | disarm your opponents. [Jiyva's grace]
  6486 | D:9      | Gained mutation: You have hidden genetic potential.
                  | [Jiyva's grace]
  6486 | D:9      | Gained mutation: You have great hidden genetic potential.
                  | [Jiyva's grace]
  6486 | D:9      | Gained mutation: Your spells are a little harder to cast,
                  | but a little more powerful. [Jiyva's grace]
  6508 | D:9      | Reached skill level 5 in Evocations
  6575 | D:9      | Reached skill level 6 in Unarmed Combat
  6609 | D:9      | Reached skill level 5 in Fighting
  6723 | D:9      | Reached XP level 11. HP: 22/72 MP: 16/16
  6873 | D:9      | Found a shimmering blue altar of Sif Muna.
  7058 | D:9      | Noticed Harold
  7073 | D:9      | Killed Harold
  7201 | D:10     | Entered Level 10 of the Dungeon
  7344 | D:10     | Gained mutation: You are agile. (Dex +4, Str/Int -1)
                  | [hidden potential]
  7430 | D:10     | Reached skill level 7 in Unarmed Combat
  7593 | D:10     | Reached skill level 5 in Dodging
  7716 | D:10     | Lost mutation: Your skin perfectly mimics your surroundings
                  | (Stealth+++). [Jiyva's grace]
  7716 | D:10     | Lost mutation: Your skin blends seamlessly with your
                  | surroundings (Stealth++). [Jiyva's grace]
  7716 | D:10     | Lost mutation: Your spells are a little harder to cast, but
                  | a little more powerful. [Jiyva's grace]
  7716 | D:10     | Lost mutation: You have great hidden genetic potential.
                  | [Jiyva's grace]
  7716 | D:10     | Lost mutation: Your melee attacks may engulf your foes in
                  | ooze. [Jiyva's grace]
  7716 | D:10     | Gained mutation: Your melee attacks may engulf your foes in
                  | ooze. [Jiyva's grace]
  7716 | D:10     | Gained mutation: Your muscles are strong. (Str +4, Int/Dex
                  | -1) [Jiyva's grace]
  7716 | D:10     | Gained mutation: Your muscles are very strong. (Str +8,
                  | Int/Dex -2) [Jiyva's grace]
  7716 | D:10     | Gained mutation: You possess an exceptional clarity of
                  | mind. [Jiyva's grace]
  7789 | D:10     | Found a stormy altar of Qazlal.
  8134 | D:11     | Reached skill level 5 in Spellcasting
  8205 | D:11     | Noticed a white ugly thing
  8217 | D:11     | Killed a white ugly thing
  8218 | D:11     | Reached XP level 12. HP: 80/80 MP: 15/20
  8343 | D:11     | Reached skill level 8 in Unarmed Combat
  8378 | D:11     | Noticed a two-headed ogre
  8390 | D:11     | Killed a two-headed ogre
  8551 | D:11     | Found a staircase to the Lair.
  8614 | D:11     | Identified the +7 short sword "Fetalef" {holy, Int+4 SInv}
  8631 | D:11     | Gained mutation: Your system is resistant to poisons.
                  | (rPois) [hidden potential]
  8631 | D:11     | Lost mutation: You have hidden genetic potential. [hidden
                  | potential expressed]
  8931 | Lair:1   | Entered Level 1 of the Lair of Beasts
  9334 | Lair:1   | Lost mutation: Your muscles are very strong. (Str +8,
                  | Int/Dex -2) [Jiyva's grace]
  9334 | Lair:1   | Lost mutation: Your gelatinous body deflects attacks. (AC
                  | +3, EV +3) [Jiyva's grace]
  9334 | Lair:1   | Gained mutation: A frigid envelope surrounds you and
                  | freezes all who hurt you. [Jiyva's grace]
  9334 | Lair:1   | Gained mutation: You have a small jelly attached to you
                  | that may absorb projectiles. [Jiyva's grace]
  9334 | Lair:1   | Gained mutation: You have a small jelly attached to you
                  | that senses nearby items. [Jiyva's grace]
  9334 | Lair:1   | Gained mutation: You are very agile. (Dex +8, Str/Int -2)
                  | [Jiyva's grace]
  9666 | Lair:2   | Reached skill level 9 in Unarmed Combat
  9685 | Lair:2   | Reached XP level 13. HP: 89/89 MP: 19/22
  9698 | Lair:2   | Reached skill level 10 in Unarmed Combat
 10231 | Lair:3   | Found a staircase to the Snake Pit.
 10463 | Lair:3   | Found a staircase to the Swamp.
 10503 | Lair:3   | Lost mutation: One of your tentacles bears a large vicious
                  | spike. [Jiyva's grace]
 10503 | Lair:3   | Lost mutation: One of your tentacles bears a nasty spike.
                  | [Jiyva's grace]
 10503 | Lair:3   | Lost mutation: You are very agile. (Dex +8, Str/Int -2)
                  | [Jiyva's grace]
 10503 | Lair:3   | Lost mutation: Your system is resistant to poisons. (rPois)
                  | [Jiyva's grace]
 10503 | Lair:3   | Gained mutation: You have hidden genetic potential.
                  | [Jiyva's grace]
 10503 | Lair:3   | Gained mutation: You have great hidden genetic potential.
                  | [Jiyva's grace]
 10503 | Lair:3   | Gained mutation: Your muscles are very strong. (Str +8,
                  | Int/Dex -2) [Jiyva's grace]
 10503 | Lair:3   | Gained mutation: You passively dampen the noise of your
                  | surroundings. [Jiyva's grace]
 10612 | Lair:3   | Reached skill level 11 in Unarmed Combat
 11093 | Lair:4   | Found a staircase to the Slime Pits.
 11093 | Lair:4   | Found a viscous altar of Jiyva.
 11101 | Slime:1  | Entered Level 1 of the Pits of Slime
 11101 | Slime:1  | Noticed an azure jelly
 11104 | Slime:1  | Noticed a rockslime
 11162 | Slime:1  | Noticed an acid blob
 11164 | Slime:1  | Noticed an azure jelly
 11471 | Slime:2  | Noticed a rockslime
 11632 | Slime:3  | Noticed an acid blob
 11632 | Slime:3  | Noticed a rockslime
 11705 | Slime:4  | Noticed a great orb of eyes
 11705 | Slime:4  | Noticed a quicksilver ooze
 11723 | Slime:5  | Entered Level 5 of the Pits of Slime
 11737 | Slime:5  | Noticed a great orb of eyes
 11737 | Slime:5  | Noticed an acid blob
 11756 | Slime:5  | Noticed an acid blob
 11760 | Slime:5  | Noticed an acid blob
 11760 | Slime:5  | Noticed a great orb of eyes
 11760 | Slime:5  | Noticed an acid blob
 11761 | Slime:5  | Noticed an acid blob
 11762 | Slime:5  | Found a viscous altar of Jiyva.
 11762 | Slime:5  | Noticed a quicksilver ooze
 11762 | Slime:5  | Noticed a rockslime
 11762 | Slime:5  | Noticed a great orb of eyes
 11763 | Slime:5  | Noticed an azure jelly
 11763 | Slime:5  | Noticed an acid blob
 11765 | Slime:5  | Noticed the Royal Jelly
 11770 | Slime:5  | Got the Octavo of the Befouled Xenolith
 11771 | Slime:5  | Noticed an acid blob
 11780 | Slime:5  | Got the Quarto of Necrotic Bad Luck
 11781 | Slime:5  | Noticed an acid blob
 11788 | Slime:5  | Noticed a quicksilver ooze
 11789 | Slime:5  | Got a slimy rune of Zot
 11790 | Slime:5  | Identified the +9 trident "Vecvom" {venom, rElec}
 11799 | Slime:5  | Identified the +8 arbalest of Cud Hyith {antimagic, rPois
                  | rF- rC+ rN++}
 11840 | Slime:5  | Noticed a rockslime
 11850 | Slime:5  | Noticed an azure jelly
 11876 | Slime:5  | Noticed a quicksilver ooze
 11897 | Slime:5  | Noticed an acid blob
 11954 | Slime:5  | Noticed a great orb of eyes
 12183 | Slime:3  | Noticed an acid blob
 12220 | Slime:3  | Noticed an acid blob
 12788 | Lair:4   | Reached skill level 12 in Unarmed Combat
 12792 | Lair:4   | Reached skill level 10 in Fighting
 13060 | Lair:3   | Reached XP level 14. HP: 99/99 MP: 23/23
 13123 | Lair:5   | Entered Level 5 of the Lair of Beasts
 13381 | Lair:5   | Gained mutation: You have a pair of small antennae on your
                  | head. [hidden potential]
 13424 | Lair:5   | Reached skill level 10 in Dodging
 13427 | Lair:5   | Reached skill level 13 in Unarmed Combat
 13449 | Lair:5   | HP: 4/148 [death yak (11)]
 13451 | Lair:5   | Killed by an exploding death yak... ignited by their inner
                  | flame

Illustrated notes

Levels and vault maps discovered:
D:1:      dpeg_arrival_ratfight, layout_basic, dreamdust_ecumenical_altar_grove
D:2:      layout_basic, serial_shops, nicolae_shop_stone
D:3:      layout_basic, mainiacjoe_overflow_surrounded_room, lemuel_doored_altar
D:4:      layout_gridville, mainiacjoe_overflow_alcove_4,
          mainiacjoe_overflow_cross_hatched, fiery_altar_vehumet, moated_statue,
          kennysheep_cluttered_room, uniq_ijyb
D:5:      layout_loops_cross, elyvilon_altar_4, lemuel_tele_altar,
          minmay_temple_entry_mist, portal_sewer_entry_a, uniq_blork_the_orc
D:6:      layout_loops_ring, kiku_gazebo_garden_becter,
          lemuel_coloured_pillars_altar, mainiacjoe_overflow_24_doors
D:7:      layout_loops_ring, mainiacjoe_overflow_concentric_impassable,
          nicolae_ossuary_entry_plus, serial_shops, nicolae_shop_waterfront,
          uniq_crazy_yiuf_cottage, uniq_maggie
D:8:      layout_loops_corners, gammafunk_ghost_nasty_kobolds, uniq_psyche
D:9:      layout_basic, mainiacjoe_overflow_chevrons, uniq_harold
D:10:     layout_stronghold, mainiacjoe_overflow_tiny_flanked
D:11:     layout_loops_ring, minmay_lair_entry_grove
Lair:1:   layout_chaotic_city, amcnicky_mini_pool_medium
Lair:2:   layout_small_grid, infiniplex_staircase_pool_2, grunt_megastairs_3
Lair:3:   nzn_winding_woodlands_cross [nzn_winding_woodlands_5x15_twine,
          nzn_winding_woodlands_5x15_longhouse,
          nzn_winding_woodlands_5x15_lazy_stream,
          nzn_winding_woodlands_5x15_split_checker,
          nzn_winding_woodlands_15x15_killbox], layout_hall_layers,
          nicolae_swamp_entry_splash_gauntlet, guppyfry_snake_entry_island,
          kennysheep_catoblepas_arena
Lair:4:   layout_cave_pods, minmay_slime_entry_jelly_boxes
Lair:5:   hellmonk_lair_end_abyssal_woods, layout_gridlike,
          serial_bayou_shore_b, grunt_megastairs_2, lemuel_fruit_fields
Slime:1:  layout_caves
Slime:2:  layout_caves
Slime:3:  layout_caves
Slime:4:  layout_caves
Slime:5

Skill      XL: |  1  2  3  4  5  6  7  8  9 10 11 12 13 14 |
---------------+-------------------------------------------+-----
Ice Magic      | 1 2 3 4 6 7 9 |  9.0
Transmutations | 3 4 5 6 8 9 |  9.0
Evocations     | 3 5 7 8 |  8.7
Fighting       | 3 5 6 8 10 | 10.6
Unarmed Combat | 4 6 7 9 12 13 | 13.0
Dodging        | 3 5 7 9 10 | 10.0
Spellcasting   | 3 5 6 |  6.6

Action                   |  1- 3 |  4- 6 |  7- 9 | 10-12 | 13-15 || total
-------------------------+-------+-------+-------+-------+-------++-------
Melee: Unarmed           |    95 |    99 |   423 |   451 |   296 ||  1364
       Tentacles         |    14 |    17 |    17 |    21 |    20 ||    89
       Constrict         |    23 |    16 |    25 |     7 |    12 ||    83
       Kick              |    14 |    21 |    26 |    26 |    33 ||   120
       Punch             |       |       |     3 |     6 |    10 ||    19
 Cast: Beastly Appendage |    11 |     8 |     8 |       |       ||    27
       Ice Form          |       |     1 |    17 |    19 |    14 ||    51
       Wereblood         |       |     1 |     5 |     5 |     3 ||    14
Invok: Oozemancy         |       |       |     2 |     8 |     3 ||    13
Evoke: Wand              |       |     5 |       |       |       ||     5
  Use: Potion            |     1 |       |     1 |     3 |     1 ||     6
       Scroll            |       |       |       |       |     2 ||     2
 Stab: Sleeping          |    11 |     1 |     3 |     3 |     2 ||    20
       Distracted        |       |       |       |       |     1 ||     1
Armor: Skin              |    10 |    29 |   181 |   123 |    68 ||   411
Dodge: Dodged            |    47 |    71 |   272 |   304 |   209 ||   903

Table legend: (Time is in decaauts)
 A = Elapsed time spent in this place.
 B = Non-inter-level travel time spent in this place.
 C = Inter-level travel time spent in this place.
 D = Time resting spent in this place.
 E = Time spent auto-exploring this place.
 F = Levels seen in this place.
 G = Mean time per level.
                   A        B        C        D        E       F      G
               +--------+--------+--------+--------+--------+-----+--------+
         Total |  13299 |  12531 |    768 |     14 |   9073 |  23 |  578.2 |
       Dungeon |   8319 |   7877 |    442 |      0 |   5879 |  11 |  756.3 |
          Lair |   3244 |   3053 |    191 |      0 |   2076 |   5 |  648.8 |
    Slime Pits |   1199 |   1064 |    135 |      0 |    911 |   5 |  239.8 |
         Sewer |    187 |    187 |      0 |     14 |     71 |   1 |  187.0 |
       Ossuary |    347 |    347 |      0 |      0 |    136 |   1 |  347.0 |
               +--------+--------+--------+--------+--------+-----+--------+

Top non-repeatable levels by time:
     D:8: 943 daAuts
  Lair:3: 917 daAuts
    D:10: 907 daAuts
     D:7: 839 daAuts
  Lair:4: 833 daAuts
    D:11: 808 daAuts
     D:6: 786 daAuts
     D:9: 743 daAuts
     D:1: 691 daAuts
     D:4: 685 daAuts
     D:2: 660 daAuts
     D:5: 645 daAuts
  Lair:1: 617 daAuts
  Lair:2: 617 daAuts
     D:3: 607 daAuts
